nht, chaotic female elven Wizard (%. (%..- ||..|. (|%.%- --- |.| ..%.II| |.--------.-- -..%.---------%..........-- |-........%..[.--------.... -.....---------- |..... .....|.| |.|.. -------- - - nht the Thaumaturge Experience level: 7 Strength: 14 Dexterity: 13 Constitution: 12 Intelligence: 16 Wisdom: 14 Charisma: 10 Health: 0(36) Energy: 0(77) Def: 2 Gold: 573 Moves: 2376 Dungeon seed: GMYFyoZKgaZ2pEkg Game ID: nht_1433136505 Your Inventory: Coins $ - 573 gold pieces Amulets L - a blessed amulet of reflection (being worn) Armor a - an uncursed +0 set of green dragon scales e - an uncursed +0 cloak of magic resistance n - an uncursed +0 pair of elven boots q - an uncursed +0 pair of speed boots (being worn) r - a cursed -2 pair of gauntlets of fumbling y - an uncursed +0 pair of elven boots M - an uncursed +0 pair of water walking boots N - an uncursed +0 pair of gauntlets of dexterity (being worn) T - a cursed -1 helm of opposite alignment Scrolls k - a blessed scroll of taming s - an uncursed scroll of charging t - 3 uncursed scrolls of identify C - an uncursed scroll of create monster D - an uncursed scroll of stinking cloud I - a blessed scroll of enchant weapon K - an uncursed scroll of enchant armor P - an uncursed scroll of confuse monster S - an uncursed scroll of light U - an uncursed scroll of remove curse V - an uncursed scroll of teleportation Spellbooks X - a blessed spellbook of blank paper Potions p - 2 uncursed potions of extra healing H - 3 uncursed potions of water Y - an uncursed potion of paralysis Z - an uncursed potion of full healing Rings c - an uncursed +2 ring of increase damage (on left hand) d - an uncursed ring of teleportation E - a blessed ring of polymorph control (on right hand) J - an uncursed ring of free action O - an uncursed ring of teleport control R - an uncursed +1 ring of protection Wands j - a wand of magic missile (0:6) l - a wand of striking (0:3) m - a wand of create monster (0:13) w - a wand of polymorph (0:5) x - a wand of create monster (0:15) A - a wand of wishing (6:0) B - a wand of polymorph (0:6) G - a wand of enlightenment (0:12) Q - a cursed wand of make invisible (0:7) W - a wand of magic missile (0:0) Tools b - a magic marker (0:2) f - a frost horn (0:5) g - an uncursed magic whistle h - 5 uncursed tallow candles (0:200) i - an uncursed brass lantern (lit) (0:1350) o - a bag of tricks (0:15) u - an uncursed oil lamp (0:0) v - an uncursed lock pick F - an uncursed wooden flute Gems z - an uncursed worthless piece of green glass Spells known in the end: Name Level Category Fail Memory a - force bolt 1 attack 0% 89% b - magic missile 2 attack 0% 89% c - sleep 1 enchantment 0% 89% d - detect monsters 1 divination 0% 90% e - create monster 2 clerical 57% 96% f - cure blindness 2 healing 57% 97% g - healing 1 healing 0% 98% Your skills at the end: Fighting Skills Weapon Skills quarterstaff [Skilled] Spellcasting Skills attack spells [Basic] enchantment spells [Basic] Final Attributes: You were fervently aligned. You were sleep resistant. You were poison resistant. You had infravision. You had a +2 damage bonus. You had polymorph control. You were very fast. You had reflection. You were lucky. You are dead. Vanquished creatures: a gray dragon a green dragon 2 yellow dragons a minotaur 2 demiliches a vampire lord a golden naga 3 vampires 9 ghosts a lieutenant a rock troll a hezrou a black naga 3 xorns an ettin mummy an ogre lord a quantum mechanic 2 trolls a dwarf king 2 human mummies a red naga 6 wraiths 2 ettin zombies 10 soldiers an incubus a gnome king a rust monster 5 human zombies an imp 5 gnome lords 2 gnomish wizards a kobold mummy a gray ooze 2 ghouls 3 dwarves a kobold lord a kobold shaman 3 orc zombies 4 dwarf zombies an iguana an acid blob a gas spore a hobbit 14 gnomes 2 manes 5 gnome zombies a gecko 2 jackals a fox a kobold 5 goblins a grid bug a bat a lichen 3 kobold zombies 5 newts 133 creatures vanquished. Voluntary challenges: You used a wielded weapon 76 times, starting on turn 45. You read items or engraved 48 times, starting on turn 159. You never genocided any monsters. You never polymorphed an object. You changed form 2 times, starting on turn 2202. You used 2 wishes, starting on turn 2197. You did not wish for any artifacts. You never split a pudding. You wrote Elbereth's name 31 times, starting on turn 464. You violated your moral code, losing 8 points of alignment, starting on turn 844. You disabled loading bones files. Dungeon overview: The Dungeons of Doom: levels 1 to 29 Level 1 a long staircase Level 2 a general store, a fountain Level 3 an armor shop stairs to The Gnomish Mines Level 4 a fountain Level 5 Level 6 Level 7 Level 8 Level 9 Level 10 a potion shop Level 11 (throne) Level 12 an armor shop Level 13 Level 14 (throne) Level 15 Level 16 Level 17 Level 18 Level 19 (blackcorn) Level 20 Level 21 Level 22 (shop) Level 23 (chauns) Level 24 (chauns) Level 25 Level 26 Level 27 Level 28 Level 29 a fountain, a throne Gehennom: Level 30 <- You were here The Gnomish Mines: levels 4 to 6 Level 4 stairs to The Dungeons of Doom Level 5 Level 6 many shops, a temple to Thoth, some fountains History has recorded: On T:1 you entered the Dungeons of Doom to retrieve the Amulet of Yendor! On T:104 you reached level 2 of The Dungeons of Doom. On T:191 you advanced to experience level 2. On T:247 you reached level 3 of The Dungeons of Doom. On T:264 you advanced to experience level 3. On T:305 you reached level 4 of The Dungeons of Doom. On T:491 you reached level 5 of The Dungeons of Doom. On T:616 you reached level 1 of The Gnomish Mines. On T:649 you advanced to experience level 4. On T:730 you advanced to experience level 5. On T:871 you reached level 2 of The Gnomish Mines. On T:930 you advanced to experience level 6. On T:940 you reached level 3 of The Gnomish Mines. On T:1384 you reached level 6 of The Dungeons of Doom. On T:1411 you reached level 7 of The Dungeons of Doom. On T:1434 you reached level 8 of The Dungeons of Doom. On T:1459 you reached level 9 of The Dungeons of Doom. On T:1569 you reached level 11 of The Dungeons of Doom. On T:1576 you reached level 12 of The Dungeons of Doom. On T:1637 you reached level 13 of The Dungeons of Doom. On T:1656 you reached level 14 of The Dungeons of Doom. On T:1672 you reached level 15 of The Dungeons of Doom. On T:1688 you reached level 16 of The Dungeons of Doom. On T:1704 you reached level 17 of The Dungeons of Doom. On T:1710 you reached level 18 of The Dungeons of Doom. On T:1742 you reached level 20 of The Dungeons of Doom. On T:1760 you reached level 21 of The Dungeons of Doom. On T:1776 you reached level 22 of The Dungeons of Doom. On T:1803 you reached level 23 of The Dungeons of Doom. On T:1815 you reached level 24 of The Dungeons of Doom. On T:1831 you reached level 25 of The Dungeons of Doom. On T:1845 you reached level 26 of The Dungeons of Doom. On T:1858 you reached level 27 of The Dungeons of Doom. On T:1872 you reached level 28 of The Dungeons of Doom. On T:1886 you reached The Castle. On T:1896 you advanced to experience level 7. On T:1921 you advanced to experience level 8. On T:2023 you advanced to experience level 9. On T:2191 you advanced to experience level 10. On T:2197 you wished for "blessed fixed ring of polymorph control". On T:2198 you wished for "blessed fixed amulet of reflection". On T:2292 you reached The Valley of the Dead. On T:2324 you advanced to experience level 11. Score breakdown: Gold: 573 ( 9384 points) Experience: 7 levels (13645 points) Exploration: 30 levels ( 57.69%) (22622 points) Discoveries: 26 items ( 9.42%) ( 9207 points) Valuables value: (no points given unless you survive) Artifact value: 0 ( 0 points) Variety of kills: 56 monsters ( 14.78%) (11531 points) Time penalty: 2376 turns ( -255 points) Survival: died (score multiplied by 80%) Total score: 52907 Latest messages: You faint from lack of food. Something touches you! Goodbye level 11. Something touches you! (2x) Goodbye level 10. Something hits! You return to elven form! Something hits! Something touches you! Goodbye level 9. Something hits! (2x) Something touches you! Goodbye level 8. Something touches you! Something hits! (2x) You die... Final status: Goodbye nht the Wizard, killed by a giant zombie, while fainted from lack of food... You died in Gehennom on dungeon level 30 with 52907 points, and 573 pieces of gold, after 2376 moves. You were level 7 with a maximum of 36 hit points when you died.